 Dungeon Crawl Stone Soup version 0.17.1-1-g73c8601 (webtiles) character file.

0 Implojin the Shield-Bearer (level 1, 0/22 HPs)
             Began as a Troll Fighter on Mar 31, 2016.
             Succumbed to a worker ant's poison
             ... on level 4 of the Dungeon.
             The game lasted 00:00:19 (48 turns).

Implojin the Shield-Bearer (Troll Fighter)            Turns: 48, Time: 00:00:19

Health: 0/22       AC:  5    Str: 23    XL:     1   Next: 8%
Magic:  0/0        EV:  8    Int:  4    God:
Gold:   0          SH:  8    Dex:  9    Spells: 0 memorised, 0 levels left

rFire  . . .     SeeInvis .       - Unarmed
rCold  . . .     Clarity  .     a - +0 robe
rNeg   . . .     SustAt   .     b - +0 shield
rPois  .         Gourm    +     (helmet restricted)
rElec  .         Spirit   .     (no cloak)
rCorr  .         Warding  .     (gloves unavailable)
rMut   .         Stasis   .     (boots unavailable)
MR     .....                    (no amulet)
Stlth  +.........               (no ring)
                                (no ring)

@: lethally poisoned (0 -> -1), not resistant to hostile enchantments, very
unstealthy
A: unfitting armour, claws 3, fast metabolism 3, gourmand, regeneration 2,
shaggy fur 1, tough skin 2
a: no special abilities


You were on level 4 of the Dungeon.
You were not hungry.

You visited 1 branch of the dungeon, and saw 4 of its levels.

Inventory:

Armour
 a - a +0 robe (worn)
 b - a +0 shield (worn)
Potions
 c - a potion of might
Comestibles
 d - 2 bread rations


   Skills:
 - Level 2.4 Fighting
 - Level 2.4 Dodging
 - Level 2.4 Shields
 * Level 2.0 Unarmed Combat


You couldn't memorise any spells.
You didn't know any spells.

Dungeon Overview and Level Annotations

Branches:
Dungeon (4/15)
 Temple: D:4-7

Altars:


Innate Abilities, Weirdness & Mutations

You are too large for most types of armour.
You have claws for hands.
Your metabolism is lightning-fast.
You like to eat raw meat.
You heal very quickly.
You are covered in fur (AC +1).
You have very tough skin (AC +2).


Message History

A worm comes into view.
There is a stone staircase leading up here.
A worker ant comes into view.
You scratch the worm.
The worm is moderately wounded.
You scratch the worm but do no damage.
The worm is moderately wounded.
The worm bites you.
You barely miss the worm.
The worm is moderately wounded.
The worm bites you.
* * * LOW HITPOINT WARNING * * *
You scratch the worker ant.
The worker ant is moderately wounded.
The worker ant bites you but does no damage.
You closely miss the worker ant.
The worker ant is moderately wounded.
The worker ant bites you. x2
* * * LOW HITPOINT WARNING * * *
You closely miss the worker ant.
The worker ant is moderately wounded.
The worker ant bites you but does no damage.
You completely miss the worker ant.
The worker ant is moderately wounded.
The worker ant bites you.
* * * LOW HITPOINT WARNING * * *
You barely miss the worker ant.
The worker ant is lightly wounded.
You block the worker ant's attack.
You claw the worker ant!
The worker ant is heavily wounded.
The worker ant bites you.
* * * LOW HITPOINT WARNING * * *
The worker ant bites you.
* * * LOW HITPOINT WARNING * * *
You are lethally poisoned!
The worker ant poisons you!
You claw the worker ant!
The worker ant is almost dead.
You die...

#######
.......
.......
.......
.......
.......######
......wa@<..#
.......##.#.#
###.... ..# #
#######.# #.#
#.# #.# #.#


You could see a worm and a worker ant.

Vanquished Creatures
  A bat (D:2)
1 creature vanquished.

Notes
Turn   | Place    | Note
--------------------------------------------------------------
     0 | D:1      | Implojin the Troll Fighter began the quest for the Orb.
     0 | D:1      | Reached XP level 1. HP: 22/22 MP: 0/0
    36 | D:4      | Noticed a worker ant
    47 | D:4      | HP: 1/22 [worker ant (5)]
    48 | D:4      | Succumbed to a worker ant's poison

Action                   || total
-------------------------++-------
Melee: Unarmed           ||    15

Table legend:
 A = Turns spent in this place as a percentage of turns spent in the entire game.
 B = Non-inter-level travel turns spent in this place as a percentage of non-inter-level travel turns spent in the entire game.
 C = Inter-level travel turns spent in this place as a percentage of turns spent in this place.
 D = Turns resting spent in this place as a percentage of non-inter-level travel turns spent in this place.
 E = Turns spent auto-exploring this place as a percentage of non-inter-level travel turns spent in this place.
 F = Non-inter-level travel turns spent in this place divided by the number of levels of this place that you've seen.
                   A       B       C       D       E      F
               +-------+-------+-------+-------+-------+----------------------
         Total | 100.0 | 100.0 |   0.0 |   0.0 |   0.0 |  11.8
       Dungeon | 100.0 | 100.0 |   0.0 |   0.0 |   0.0 |  11.8
               +-------+-------+-------+-------+-------+----------------------

Table legend:
 A = Kills in this place as a percentage of kills in entire the game.
 B = Kills by you in this place as a percentage of kills by you in the entire game.
 C = Kills by friends in this place as a percentage of kills by friends in the entire game.
 D = Other kills in this place as a percentage of other kills in the entire game.
 E = Experience gained in this place as a percentage of experience gained in the entire game.
 F = Experience gained in this place divided by the number of levels of this place that you have seen.
                   A       B       C       D       E      F
               +-------+-------+-------+-------+-------+----------------------
         Total | 100.0 | 100.0 |  -nan |  -nan | 100.0 |   0.2
       Dungeon | 100.0 | 100.0 |  -nan |  -nan | 100.0 |   0.2
               +-------+-------+-------+-------+-------+----------------------
